 Dungeon Crawl Stone Soup version 0.30-a0-883-g5ad918d77d (webtiles) character file.

Game seed: 3352139498370011773

5991 lunkers the Geomancer (level 11, -3/82 HPs)
             Began as a Meteoran Earth Elementalist on Mar 16, 2023.
             Was an Elder of Vehumet.
             Slain by a cane toad (6 damage)
             ... on level 3 of the Lair of Beasts.
             The game lasted 00:18:45 (3946 turns).

lunkers the Geomancer (Meteoran Earth Elementalist) Turns: 3946, Time: 00:18:46

Health: -3/82      AC:  3    Str: 10    XL:     11   Next: 31%
Magic:  11/25      EV: 13    Int: 28    God:    Vehumet [****..]
Gold:   427        SH:  0    Dex: 14    Spells: 18/28 levels left

rFire   . . .      SeeInvis .    b - +2 long sword (elec)
rCold   . . .      Faith    .    (no shield)
rNeg    . . .      Spirit   .    a - +0 robe
rPois   .          Reflect  .    m - +0 helmet
rElec   .          Rampage  .    (no cloak)
rCorr   .                        (no gloves)
Will    +....                    (no boots)
Stlth   +                        j - amulet of regeneration
HPRegen 1.13/turn                v - ring of flight
MPRegen 0.19/turn                o - +6 ring of intelligence

@: flying, glowing
A: sense surroundings 2, otherworldly, glowing, explore regen
a: Renounce Religion


You were on level 3 of the Lair of Beasts.
You worshipped Vehumet.
Vehumet was greatly pleased with you.
You visited 2 branches of the dungeon, and saw 12 of its levels.
You also visited: Sewer and Ossuary.

You collected 427 gold pieces.

Inventory:

Hand Weapons
 b - a +2 long sword of electrocution (weapon)
 c - a +1 long sword
 r - a +0 flail of holy wrath
 x - a +1 dire flail of protection
 F - a +3 short sword
Armour
 a - a +0 robe (worn)
 m - a +0 helmet (worn)
Jewellery
 j - an amulet of regeneration (around neck)
 o - a +6 ring of intelligence (right hand)
 v - a ring of flight (left hand)
Wands
 w - a wand of polymorph (2)
 z - a wand of digging (3)
Scrolls
 h - 2 scrolls of immolation
 i - a scroll of vulnerability
 l - a scroll of teleportation
 n - a scroll of fear
 t - a scroll of magic mapping
 y - a scroll of blinking {unknown}
 A - 2 scrolls of fog {unknown}
 B - a scroll of identify
Potions
 d - 3 potions of haste
 e - 2 potions of degeneration {unknown}
 f - 2 potions of attraction {unknown}
 g - 3 potions of heal wounds
 k - 7 potions of curing
 p - 6 potions of might
 q - a potion of flight {unknown}
 s - 2 potions of mutation {unknown}
 u - 2 potions of lignification {unknown}
 C - a potion of berserk rage {unknown}
 D - 2 potions of magic
 E - 2 potions of invisibility {unknown}


   Skills:
 + Level 3.1 Fighting
 + Level 4.3 Dodging
 - Level 1.4 Stealth
 + Level 9.3 Spellcasting
 * Level 10.0 Conjurations
 - Level 1.2 Transmutations
 * Level 13.0 Earth Magic


You had 18 spell levels left.
You knew the following spells:

 Your Spells              Type           Power      Damage    Failure   Level
a - Stone Arrow           Conj/Erth      100%       3d13      1%          3
b - Passwall              Tmut/Erth      43%        N/A       1%          2
c - Sandblast             Erth           100%       2d20      0%          1
d - Petrify               Tmut/Erth      52%        N/A       2%          4

Your spell library contained the following spells:

 Spells                   Type           Power      Damage    Failure   Level
 Lee's Rapid Deconstruct  Erth           36%        3d18*     1%          5
 Dazzling Flash           Conj/Hex       82%        N/A       1%          3
 Flame Wave               Conj/Fire      41%        2d11      1%          4
 Iskenderun's Mystic Bla  Conj/Tloc      41%        2d9       1%          4
 Sticky Flame             Conj/Fire      41%        2d6       1%          4
 Inner Flame              Hex/Fire       13%        N/A       3%          3
 Starburst                Conj/Fire      20%        6d7       21%         6


Dungeon Overview and Level Annotations

Branches:
Dungeon (9/15) Zot: 1877   Temple (0/1) D:7            Lair (2/5) D:9 Zot: 1690
  Sewer (visited)         Ossuary (visited)
  Swamp: Lair:2-3    Shoals: Lair:2-3     Snake: Lair:2-3    Spider: Lair:2-3
    Orc: D:9-12

Altars:
Fedhas
Kikubaaqudgha
Qazlal
Ru
Sif Muna
Vehumet
Yredelemnul
The Shining One

Shops:
D:6 *

Annotations:
Lair:3 Nergalle, Nessos


Innate Abilities, Weirdness & Mutations

You passively map the area around you.
You are easily found by Zot.
You glow in the dark.
You regain HP and MP as you explore.


Message History

You feel very sick.
Unknown command.
Casting: Stone Arrow (safe; 1% risk of failure)
Confirm with . or Enter, or press ? or * to list all spells.
Aiming: Stone Arrow (safe; 1% risk of failure)
Press: ? - help, Shift-Dir - straight line, f/p - five-headed hydra
Aim: a five-headed hydra (severely wounded, 92% to hit)
The stone arrow hits the five-headed hydra!!
You kill the five-headed hydra!
Vehumet accepts your kill.
You feel sick.
Your Fighting skill increases to level 3!
Your Conjurations skill increases to level 10!
Your Earth Magic skill increases to level 13!
Unknown command.
Casting: Stone Arrow (safe; 1% risk of failure)
Confirm with . or Enter, or press ? or * to list all spells.
Aiming: Stone Arrow (safe; 1% risk of failure)
Press: ? - help, Shift-Dir - straight line, f - cane toad
Aim: a cane toad (81% to hit)
The stone arrow hits the cane toad!!
The cane toad is heavily wounded.
You feel sick. The cane toad stings you!!
* * * LOW HITPOINT WARNING * * *
You are more poisoned.
The cane toad poisons you!
Casting: Stone Arrow (safe; 1% risk of failure)
Confirm with . or Enter, or press ? or * to list all spells.
Aiming: Stone Arrow (safe; 1% risk of failure)
Press: ? - help, Shift-Dir - straight line, f/p - cane toad
Aim: a cane toad (heavily wounded, 81% to hit)
The stone arrow hits the cane toad!
The cane toad is almost dead.
You feel very sick. The cane toad stings you!
* * * LOW HITPOINT WARNING * * *
You feel better. The cane toad stings you!
* * * LOW HITPOINT WARNING * * *
The cane toad stings you.
You die...

,, , #....,##
####...#+.### *
* ...........#
, * * *
,,#..........P*
* ,
+..........#*
**, , *,
##..[.......+,
, ,
*#P...F......#
, * * #@.# , ,
* * #### ,, *
**, ,, , * *
,,, , *, * * *
, , ~ , , * *
,, *~ ~ , , * *
, ~ , ,


You could see a cane toad.

Vanquished Creatures
  A hydra (Lair:3)
  A black mamba (Lair:2)
  A rime drake (Lair:2)
  A komodo dragon (D:9)
  5 yaks (D:9)
  A basilisk (Lair:1)
  A steam dragon (D:9)
  Edmund (D:6)
  6 water moccasins
  2 black bears (D:9)
  An orc warrior (D:8)
  4 wolves (Lair:1)
  2 ogres
  A phantom (D:6)
  A bullfrog (D:9)
  A kobold brigand (Sewer)
  A gnoll sergeant (D:7)
  3 scorpions (D:6)
  10 wights (D:9)
  3 killer bees (D:6)
  Dowan (D:4)
  3 howler monkeys (D:8)
  4 hounds
  2 jellies (D:5)
  An orc priest (D:8)
  Natasha (twice) (D:2)
  3 iguanas
  An orc wizard (D:8)
  13 mummies
  8 adders
  3 gnolls (D:7)
  2 shadow imps
  3 white imps
  An ufetubus (D:5)
  A worm (D:4)
  16 orcs
  4 bats
  6 endoplasms
  14 giant cockroaches
  4 goblins
  6 hobgoblins
  4 jackals (D:1)
  8 kobolds
  7 quokkas
  8 ball pythons
  3 frilled lizards
  2 goblin skeletons (Ossuary)
  A kobold skeleton (Ossuary)
  5 orc skeletons (Ossuary)
  6 rats
  11 rat skeletons (Ossuary)
200 creatures vanquished.

Vanquished Creatures (others)
  A killer bee (D:6)
  An orc wizard (D:8)
  22 fungi (D:9)
  35 plants
59 creatures vanquished.

Grand Total: 259 creatures vanquished

Notes
Turn   | Place    | Note
-------+----------+-------------------------------------------
     0 | D:1      | lunkers the Meteoran Earth Elementalist began the quest for
                  | the Orb.
     0 | D:1      | Reached XP level 1. HP: 14/14 MP: 5/5
    43 | D:1      | Reached XP level 2. HP: 18/20 MP: 2/6
    44 | D:1      | Reached skill level 4 in Earth Magic
   121 | D:1      | Reached XP level 3. HP: 25/26 MP: 4/8
   404 | D:2      | Noticed Natasha
   409 | D:2      | Killed Natasha
   410 | D:2      | Reached skill level 5 in Earth Magic
   410 | D:2      | Reached XP level 4. HP: 22/33 MP: 5/10
   413 | D:2      | Learned a level 2 spell: Passwall
   417 | D:2      | Learned a level 3 spell: Stone Arrow
   433 | D:2      | Noticed Natasha
   434 | D:2      | Killed Natasha
   435 | D:2      | Reached XP level 5. HP: 38/38 MP: 9/11
   602 | D:3      | Reached skill level 1 in Conjurations
   714 | D:3      | Found a radiant altar of Vehumet.
   719 | D:3      | Became a worshipper of Vehumet
   846 | D:4      | Reached skill level 6 in Earth Magic
   846 | D:4      | Reached XP level 6. HP: 43/45 MP: 10/13
   928 | D:4      | Found a glowing drain.
   932 | Sewer    | Entered a sewer
   966 | Sewer    | Reached * piety under Vehumet
   966 | Sewer    | Offered knowledge of Magic Dart by Vehumet.
  1141 | D:4      | Found a blossoming altar of Fedhas.
  1142 | D:4      | Noticed Dowan
  1146 | D:4      | Killed Dowan
  1147 | D:4      | Reached XP level 7. HP: 50/50 MP: 13/15
  1173 | D:4      | Found a stormy altar of Qazlal.
  1183 | D:4      | Found a sacrificial altar of Ru.
  1194 | D:4      | Reached skill level 7 in Earth Magic
  1383 | D:4      | Found a glowing golden altar of the Shining One.
  1476 | D:4      | Reached skill level 5 in Spellcasting
  1653 | D:5      | Entered Level 5 of the Dungeon
  1955 | D:5      | Found a basalt altar of Yredelemnul.
  2123 | D:6      | Reached skill level 8 in Earth Magic
  2123 | D:6      | Reached XP level 8. HP: 57/57 MP: 15/17
  2161 | D:6      | Reached ** piety under Vehumet
  2161 | D:6      | Offered knowledge of Searing Ray by Vehumet.
  2236 | D:6      | Reached skill level 9 in Earth Magic
  2317 | D:6      | Found Sud Quaroave's Assorted Antiques.
  2361 | D:6      | Noticed Edmund
  2365 | D:6      | Killed Edmund
  2515 | D:6      | Gained mutation: You passively map the area around you.
                  | [Meteoran growth]
  2515 | D:6      | Reached XP level 9. HP: 12/62 MP: 17/20
  2515 | D:6      | HP: 2/62 [killer bee (7)]
  2675 | D:7      | Found a staircase to the Ecumenical Temple.
  2743 | D:7      | Reached skill level 5 in Conjurations
  2814 | D:7      | Found a sand-covered staircase.
  2822 | Ossuary  | Entered an ossuary
  2855 | Ossuary  | Reached skill level 10 in Earth Magic
  2874 | Ossuary  | Offered knowledge of Mephitic Cloud by Vehumet.
  2937 | Ossuary  | Reached *** piety under Vehumet
  3061 | Ossuary  | Offered knowledge of Kindle Blastsparks by Vehumet.
  3314 | D:8      | Found an ancient bone altar of Kikubaaqudgha.
  3480 | D:8      | Learned a level 4 spell: Petrify
  3520 | D:9      | Noticed a komodo dragon
  3539 | D:9      | Killed a komodo dragon
  3540 | D:9      | Reached skill level 11 in Earth Magic
  3540 | D:9      | Reached XP level 10. HP: 69/69 MP: 4/22
  3640 | D:9      | Reached skill level 12 in Earth Magic
  3649 | D:9      | Reached **** piety under Vehumet
  3664 | D:9      | Found a staircase to the Lair.
  3694 | D:9      | Found a shimmering blue altar of Sif Muna.
  3712 | D:9      | Reached skill level 1 in Fighting
  3752 | D:9      | Offered knowledge of Lee's Rapid Deconstruction by Vehumet.
  3839 | Lair:1   | Entered Level 1 of the Lair of Beasts
  3868 | Lair:1   | Reached XP level 11. HP: 79/79 MP: 13/24
  3919 | Lair:2   | Found a glowing golden altar of the Shining One.
  3924 | Lair:2   | Noticed a black mamba
  3930 | Lair:2   | Killed a black mamba
  3934 | Lair:2   | You are sucked into a shaft and drop 1 floor!
  3934 | Lair:3   | Noticed Nergalle
  3934 | Lair:3   | Noticed Nessos
  3934 | Lair:3   | Noticed a black mamba
  3935 | Lair:3   | Nessos changed into Nessos the eye of devastation
  3935 | Lair:3   | Noticed Nessos
  3940 | Lair:3   | Noticed a five-headed hydra
  3943 | Lair:3   | Killed a five-headed hydra
  3944 | Lair:3   | Reached skill level 10 in Conjurations
  3944 | Lair:3   | Reached skill level 13 in Earth Magic
  3945 | Lair:3   | HP: 3/82 [cane toad (8)]
  3946 | Lair:3   | Slain by a cane toad

Illustrated notes

Levels and vault maps discovered:
D:1:      ncdulo_halloftheorcs, layout_rooms, chequers_serial_rivers_room_b,
          hangedman_decor_opposing
D:2:      layout_basic, hellmonk_ecumenical_altar_watching_god, uniq_jessica,
          uniq_natasha
D:3:      minmay_roachtagon, layout_loops_ring, overflow_temple_1_default,
          dreamdust_princess_bridge, amethyst_killhole,
          ebering_dispersal_statue_hall
D:4:      layout_loops_corners, tso_altar, mainiacjoe_overflow_boulevard,
          mainiacjoe_overflow_large_starburst, gup_sewer_entry_spiral,
          kennysheep_nub, nicolae_shop_clearance, uniq_duvessa, uniq_sigmund
D:5:      layout_layer_cave, mainiacjoe_overflow_six_doors_small, minivault_25
D:6:      layout_loops_corners, serial_shops, shop, uniq_edmund
D:7:      layout_rooms, minmay_temple_entry_offerings, gup_ossuary_entry_pyramid
D:8:      layout_basic, nicolae_overflow_crystal_walls, minmay_misc_feat_plants,
          uniq_joseph
D:9:      layout_loops_corners, old_standard_altar, nicolae_ashenzari_skybound,
          due_lair_maze_entry_diamond, serial_shops,
          nicolae_shop_temple_entry_statues_fountains, kennysheep_generic_room_4
Lair:1:   layout_layer_cave, serial_bayou_shore_a, grunt_megastairs_1
Lair:2:   layout_roguey, basic_altar, chequers_serial_rivers_micro_a,
          grunt_megastairs_4, lemuel_fruit_tree, uniq_amaemon
Lair:3:   layout_roguey, nicolae_shoals_entry_flooding,
          minmay_snake_entry_six_corridors, serial_bayou_shore_b,
          lemuel_fruit_fields, infiniplex_staircase_pool_2, uniq_nergalle,
          uniq_nessos

Skill      XL: |  1  2  3  4  5  6  7  8  9 10 11 |
---------------+----------------------------------+-----
Earth Magic    | 4 5 6 8 9 11 12 13 | 13.0
Spellcasting   | 3 4 5 6 7 8 9 |  9.3
Conjurations   | 1 2 3 4 7 9 10 | 10.0
Fighting       | 2 3 |  3.1
Dodging        | 3 4 |  4.3
Stealth        | |  1.4
Transmutations | |  1.2

Action                     |  1- 3 |  4- 6 |  7- 9 | 10-12 || total
---------------------------+-------+-------+-------+-------++-------
  Melee: Long sword        |     6 |    14 |     5 |       ||    25
   Cast: Sandblast         |    35 |    62 |   106 |    30 ||   233
         Stone Arrow       |       |       |    40 |    42 ||    82
  Evoke: Wand              |       |       |     2 |     1 ||     3
    Use: Scroll            |       |     7 |     7 |     1 ||    15
         Potion            |       |       |     1 |     1 ||     2
 Armour: Robe              |     4 |    10 |    10 |     2 ||    26
  Dodge: Dodged            |     6 |    25 |    20 |    21 ||    72

Table legend: (Time is in decaauts)
 A = Elapsed time spent in this place.
 B = Non-inter-level travel time spent in this place.
 C = Inter-level travel time spent in this place.
 D = Time resting spent in this place.
 E = Time spent auto-exploring this place.
 F = Levels seen in this place.
 G = Mean time per level.
                   A        B        C        D        E       F      G
               +--------+--------+--------+--------+--------+-----+--------+
         Total |   4135 |   3953 |    182 |     10 |   2672 |  14 |  295.4 |
       Dungeon |   3522 |   3362 |    160 |      0 |   2429 |   9 |  391.3 |
          Lair |    108 |     87 |     21 |      0 |     44 |   3 |   36.0 |
         Sewer |    172 |    172 |      0 |      0 |     19 |   1 |  172.0 |
       Ossuary |    331 |    331 |      0 |     10 |    180 |   1 |  331.0 |
               +--------+--------+--------+--------+--------+-----+--------+

Top non-repeatable levels by time:
     D:4: 761 daAuts
     D:6: 576 daAuts
     D:5: 461 daAuts
     D:1: 410 daAuts
     D:3: 372 daAuts
     D:9: 332 daAuts
 Ossuary: 331 daAuts
     D:7: 300 daAuts
     D:8: 239 daAuts
   Sewer: 172 daAuts
  Lair:1: 82 daAuts
     D:2: 67 daAuts
  Lair:2: 14 daAuts
  Lair:3: 11 daAuts
